 Dungeon Sprint DCSS version 0.21.1-1-g345015f (webtiles) character file.

32 wojtek the Chopper (level 3, -15/52 HPs)
             Began as a Minotaur Berserker on Feb 18, 2018.
             Was a Believer of Trog.
             Demolished by a water elemental (16 damage)
             ... in the Dungeon (Sprint III: "The Ten Rune Challenge").
             The game lasted 00:00:26 (209 turns).

wojtek the Chopper (Minotaur Berserker)              Turns: 209, Time: 00:00:27

Health: -15/52     AC:  2    Str: 27    XL:     3   Next: 8%
Magic:  2/2        EV: 13    Int:  4    God:    Trog [**....]
Gold:   36         SH:  0    Dex:  9    Spells: 2/2 levels left

rFire    . . .     SeeInvis .   a - +0 hand axe
rCold    . . .     Gourm    .   (no shield)
rNeg     . . .     Faith    .   b - +0 animal skin
rPois    .         Spirit   .   (helmet restricted)
rElec    .         Reflect  .   (no cloak)
rCorr    .         Harm     .   (no gloves)
MR       .....     NoTele   +   (no boots)
Stlth    ..........             (no amulet)
HPRegen  0.17/turn              (no ring)
MPRegen  0.08/turn              (no ring)

@: berserking, engulfed (cannot breathe), very quick
A: retaliatory headbutt, horns 2
a: Berserk, Trog's Hand, Burn Spellbooks, Renounce Religion


You were in the Dungeon.
You worshipped Trog.
Trog was pleased with you.
You were not hungry.

You visited 1 branch You collected 36 gold pieces.

Inventory:

Hand Weapons
 a - a +0 hand axe (weapon)
Armour
 b - a +0 animal skin (worn)
Scrolls
 i - a scroll of blinking
 j - 3 scrolls of identify {unknown}
 m - a scroll of torment {unknown}
 n - a scroll of remove curse {unknown}
 p - a scroll of holy word {unknown}
 q - a scroll of magic mapping {unknown}
Potions
 d - a potion of curing
 e - a potion of heal wounds
 f - a potion of haste
 g - 2 potions of magic
 h - a potion of berserk rage
 l - 5 potions of mutation {unknown}
 o - a potion of degeneration {unknown}
 r - 2 potions of flight
Comestibles
 c - 3 rations
 k - a chunk of flesh


   Skills:
 + Level 4.8 Fighting
 * Level 5.9 Axes
 + Level 4.0 Armour
 + Level 3.6 Dodging


You had 2 spell levels left.
You didn't know any spells.

Dungeon Overview and Level Annotations

Branches:
Dungeon (1/1)

Altars:


Innate Abilities, Weirdness & Mutations

You reflexively headbutt those who attack you in melee.
You have a pair of horns on your head.


Message History

HP restored.
As you open the door, it creaks loudly!
A water elemental comes into view.
The water elemental moves out of view.
The water elemental hits you!!
Ouch! That really hurt!
The water elemental engulfs you in water!
There is an open door to the Ecumenical Temple, spattered with blood here.
A red film seems to cover your vision as you go berserk!
You feel yourself moving faster!
You feel mighty!
You feel a lot more hungry.
Your lungs strain for air!
The water elemental hits you!
* * * LOW HITPOINT WARNING * * *
You are too injured to fight recklessly!
You hit the water elemental.
The water elemental is lightly damaged.
* * * LOW HITPOINT WARNING * * *
Your lungs strain for air!
The water elemental hits you!
You die...

▓▓▓▓▓▓▓▓▓▓▓ ▓▓▓
.#..'...♣.♣♣ ♣.#
.#..#....♣.♣ ♣♣.#
'####.....♣♣ ..#
....#....≈.♣♣♣♣.###+#+##
....#...≈≈♣.....#.......
....#..≈≈≈≈..♣..@.⌠.....
###'#..≈≈≈≈≈≈...#E..####
....#.≈≈≈≈≈≈....#.⌠.#
....#.≈≈≈≈≈.....#...#
....#.≈≈≈.......#+###
#####...........#
................#
▓▓▓▓▓▓▓▓▓▓▓▓▓▓▓▓▓


You could see a water elemental.

Vanquished Creatures
  A human (D)
  2 oozes (D)
  A phantom (D)
  2 rats (D)
6 creatures vanquished.

Vanquished Creatures (others)
  2 draconian scorchers (D)
  5 hellions (D)
7 creatures vanquished.

Grand Total: 13 creatures vanquished

Notes
Turn   | Place    | Note
-------+----------+-------------------------------------------
     0 | D        | wojtek the Minotaur Berserker began the quest for the Orb.
     0 | D        | Reached XP level 1. HP: 19/19 MP: 0/0
     3 | D        | Reached skill level 4 in Axes
     5 | D        | Reached XP level 2. HP: 22/27 MP: 1/1
    11 | D        | Reached ** piety under Trog
    76 | D        | Reached skill level 5 in Axes
    98 | D        | Killed a hellion
   116 | D        | Reached XP level 3. HP: 25/35 MP: 2/2
   165 | D        | Killed a hellion
   165 | D        | Killed a hellion
   165 | D        | Killed a hellion
   175 | D        | Killed a hellion
   194 | D        | Killed a white draconian scorcher
   195 | D        | Killed a white draconian scorcher
   206 | D        | Noticed a water elemental
   209 | D        | HP: 1/52 [drowned by a water elemental (4)]
   209 | D        | Demolished by a water elemental

Skill      XL: |  1  2 |
---------------+-------+-----
Fighting       | 4 |  4.8
Axes           | 4 5 |  5.9
Armour         | 3 4 |  4.0
Dodging        | 3 |  3.6

Action                   || total
-------------------------++-------
Melee: Hand axe          ||    12
       Headbutt          ||     3
Invok: Berserk           ||     1
Dodge: Dodged            ||    10
